AoeStats
← xMasterCheF90x

Black Forest

509742607Analyzed
4v4 RM · 6d ago on Sep 27, 2026· 43m 13s· 8 players
Game mode
Random Map
Map size
Large (8 player)
Population
200
Speed
Normal
Resources
Standard
Victory
Conquest
Starting age
Dark Age
Ending age
Imperial Age
RankedLock teamsTeams togetherTeam positionsShared explorationLock speedFull tech treeHidden civsTurbo modeCheats
Victory
Defeat
🇧🇬 Ethiopians · Bulgaria
676
+14
🇮🇹 Huns · Italy
599
+17
🇩🇪 Romans · Germany
598
+17
🇧🇬 Khmer · Bulgaria
586
+17
🇧🇬 Ethiopians · Bulgaria
677
-19
🇨🇴 Persians · Colombia
663
-18
🇨🇴 Khmer · Colombia
603
-16
🇲🇽 Persians · Mexico
523
-12
GolTecnic
0:38 Loom
16:03 Feudal Age
16:25 Horse Collar
16:39 Double-Bit Axe
16:52 Stone Mining
18:27 Wheelbarrow
17:58 Gold Mining
24:17 Scale Mail Armor
24:07 Arson
28:21 Castle Age
26:12 Town Watch
27:16 Scale Barding Armor
29:27 Bow Saw
29:50 Heavy Plow
30:09 Hand Cart
30:35 Gold Shaft Mining
30:35 Squires
29:57 Pikeman
30:40 Husbandry
30:51 Bloodlines
33:57 Chain Barding Armor
33:54 Chain Mail Armor
38:24 Imperial Age
36:12 Marauders
40:52 Two-Man Saw
40:31 Plate Barding Armor
40:22 Conscription
39:24 Elite Tarkan
39:34 Halberdier
xMasterCheF90x
12:16 Feudal Age
13:36 Wheelbarrow
12:59 Double-Bit Axe
22:20 Castle Age
20:16 Horse Collar
20:43 Gold Mining
20:46 Stone Mining
23:45 Hand Cart
23:39 Heavy Plow
23:54 Bow Saw
24:31 Gold Shaft Mining
30:27 Imperial Age
32:02 Heavy Scorpion
33:11 Fortified Wall
34:06 Chemistry
33:31 Ballistics
33:18 Siege Engineers
35:24 Ballistas
GeorgiSlavkov
3:19 Loom
16:15 Feudal Age
16:48 Horse Collar
16:54 Double-Bit Axe
20:40 Gold Mining
20:41 Stone Mining
25:12 Castle Age
28:38 Fortified Wall
29:01 Ballistics
28:40 Murder Holes
37:03 Imperial Age
36:31 Gold Shaft Mining
36:12 Bow Saw
36:04 Heavy Plow
38:43 Masonry
38:29 Heated Shot
39:40 Chemistry
38:51 Pikeman
40:55 Elite Ballista Elephant
41:49 Halberdier
yomamacry
2:51 Loom
14:32 Feudal Age
16:17 Wheelbarrow
15:32 Double-Bit Axe
21:50 Man-at-Arms
31:23 Castle Age
32:28 Hand Cart
31:59 Town Watch
33:22 Bow Saw
36:18 Horse Collar
38:46 Heavy Plow
41:05 Caravan
42:44 Murder Holes
43:00 Town Patrol
Pain_Gael_1207
0:38 Loom
roobinson.15
0:32 Loom
10:35 Feudal Age
11:16 Double-Bit Axe
15:39 Horse Collar
17:08 Bloodlines
20:03 Forging
20:03 Scale Barding Armor
22:37 Wheelbarrow
21:48 Town Watch
27:07 Castle Age
29:12 Stone Mining
29:12 Gold Mining
29:46 Heavy Plow
30:03 Bow Saw
31:32 Hand Cart
32:41 Town Patrol
34:45 Gold Shaft Mining
38:06 Imperial Age
37:13 Stone Shaft Mining
40:00 Husbandry
39:22 Cavalier
41:26 Light Cavalry
Germanico90
0:51 Loom
14:17 Feudal Age
17:14 Double-Bit Axe
20:32 Man-at-Arms
23:50 Bloodlines
24:16 Fishing Lines
31:15 Castle Age
31:33 Wheelbarrow
33:48 Husbandry
34:52 Elite Skirmisher
38:39 Scale Barding Armor
38:45 Forging
38:26 Fletching
38:38 Padded Archer Armor
40:22 Thumb Ring
42:31 Light Cavalry
georgi_atanasov
30:57 Feudal Age
32:44 Wheelbarrow
31:55 Town Watch
32:03 Stone Mining
32:03 Gold Mining
32:01 Double-Bit Axe
32:00 Horse Collar
32:34 Arson
35:41 Forging
35:32 Scale Mail Armor
38:18 Castle Age
39:45 Bow Saw
39:38 Heavy Plow
40:18 Gold Shaft Mining
40:19 Stone Shaft Mining
40:03 Hand Cart
39:49 Town Patrol
40:10 Murder Holes
41:15 Fishing Lines
42:36 Masonry
Connection lost

Rejoining the realm…

Still unreachable

The connection could not be restored.

Session expired

The server has moved on; the page needs a fresh start.